cohdb
Replays
Latest Replays
All Replays
Popular Replays
Top Player Replays
Match Explorer
How It Works
Community
CoH3 Stats
Reddit
Sign in to upload your games and track your stats! →
Sign in with Steam
Match 36559588
Unlisted
Match 36559588
Overview
Messages
Build Orders
End
Construct Infanterie Kompanie
Kettenkrad Recon Vehicle
Selects Mechanized Battlegroup
MG 42 Machine Gun Team
MG 42 Machine Gun Team
GrW 34 Mortar Team
Construct Luftwaffe Kompanie
Medical Station
Jäger Squad
Jäger Squad
Luftwaffe Officer Quarters
Support Elements
Selects Spotting Scopes
Wirbelwind Flakpanzer
Jäger Squad
Atomic Floyd
Microsoft Outlook
deadsadbadmad
Alessandro-9891
machingblood
JoKeRX3
Paisa
huswolf
0
0
Comments
sign in to comment!
No comments posted yet!